 Dungeon Crawl Stone Soup version 0.31.0-32-g396128a36d (webtiles) character file.

Game seed: 5748493334407864267

11 Dadi the Trooper (level 2, 0/25 HPs)
             Began as a Demonspawn Berserker on Mar 28, 2024.
             Was a Follower of Trog.
             Slain by a bat (1 damage)
             ... on level 1 of the Dungeon.
             The game lasted 00:00:25 (187 turns).

Dadi the Trooper (Demonspawn Berserker)              Turns: 187, Time: 00:00:26

Health: 0/25       AC:  2    Str: 17    XL:     2   Next: 13%
Magic:  2/2        EV: 12    Int:  7    God:    Trog [*.....]
Gold:   29         SH:  0    Dex: 12    Spells: 1/1 levels left

rFire   . . .        a - +0 mace
rCold   . . .        (no shield)
rNeg    . . .        b - +0 animal skin
rPois   .            (helmet restricted)
rElec   .            (no cloak)
rCorr   .            (no gloves)
SInv    .            (no boots)
Will    .....        (no amulet)
Stlth   +            (no ring)
HPRegen 0.24/turn    (no ring)
MPRegen 0.08/turn

%: no passive effects
@: no status effects
A: antennae 1
a: Renounce Religion, Berserk


You were on level 1 of the Dungeon.
You worshipped Trog.
Trog was aware of your devotion.
You visited 1 branch of the dungeon, and saw 1 of its levels.

You collected 29 gold pieces.

Inventory:

Hand Weapons
 a - a +0 mace (weapon)
Armour
 b - a +0 animal skin (worn)
Scrolls
 c - 2 scrolls of identify {unknown}


   Skills:
 + Level 3.6 Fighting
 - Level 2.6 Maces & Flails
 - Level 1.7 Armour
 - Level 1.7 Dodging


You had one spell level left.
You didn't know any spells.
Your spell library was empty.

Dungeon Overview and Level Annotations

Branches:
Dungeon (1/15)

Altars:


Innate Abilities, Weirdness & Mutations

You have a pair of small antennae on your head.


Message History

You closely miss the quokka. The quokka closely misses you.
You hit the quokka.
You kill the quokka!
Trog accepts your kill. The bat closely misses you. The bat hits you.
The kobold hits you with a +0 short sword.
* * * LOW HITPOINT WARNING * * *
Things that are here:
a quokka corpse; a ball python corpse The bat hits you.
* * * LOW HITPOINT WARNING * * *
The kobold hits you but does no damage. The kobold attacks as it pursues you!
The kobold hits you with a +0 short sword.
* * * LOW HITPOINT WARNING * * *
The bat barely misses you. The bat closely misses you.
A ball python comes into view.
The bat closely misses you. The bat hits you.
* * * LOW HITPOINT WARNING * * *
The bat closely misses you.
You hit the bat.
The bat is moderately wounded.
The bat barely misses you. The bat hits you but does no damage.
The kobold throws a stone.
The stone barely misses you.
The stone barely misses the bat.
The bat attacks as it pursues you! The bat barely misses you.
The bat misses you. The bat barely misses you. The kobold closely misses you.
You hit the kobold.
You kill the kobold!
Trog accepts your kill. The bat closely misses you. The bat hits you.
* * * LOW HITPOINT WARNING * * *
Things that are here:
a +0 short sword; a stone The bat hits you.
* * * LOW HITPOINT WARNING * * *
The bat hits you but does no damage. The bat hits you.
You die...

.. ..## ...#.. ...
#..# . ..# #..###.
..# ##...##r##..#####
#.....S.†........
#.... ##.#.#
#...####....#
#...Sb@.....#
#.#.####...## #.#. #
#.#####†### #.#.
#......#..# #.#.
#.#####.#.# #.##
#.#####.#.########.##
...r............##.##
#########.#####.##.##
#.#####.##.##


You could see a bat and a ball python.

Vanquished Creatures
  2 ball pythons (D:1)
  2 goblins (D:1)
  2 kobolds (D:1)
  A quokka (D:1)
  A bat (D:1)
  A frilled lizard (D:1)
  A rat (D:1)
10 creatures vanquished.

Notes
Turn   | Place    | Note
-------+----------+-------------------------------------------
     0 | D:1      | Dadi the Demonspawn Berserker began the quest for the Orb.
     0 | D:1      | Reached XP level 1. HP: 18/18 MP: 1/1
   171 | D:1      | Discovered your monstrous ancestry.
   171 | D:1      | Gained mutation: You have a pair of small antennae on your
                  | head. [demonic ancestry]
   171 | D:1      | Reached XP level 2. HP: 9/24 MP: 2/2
   179 | D:1      | HP: 1/25 [bat (1)]
   185 | D:1      | HP: 1/25 [bat (1)]
   187 | D:1      | Slain by a bat

Illustrated notes

Levels and vault maps discovered:
D:1:      lemuel_arrival_room, layout_loops_ring

Action                     || total
---------------------------++-------
  Melee: Mace              ||    28
 Armour: Animal skin       ||    38
  Dodge: Dodged            ||    36
